 Dungeon Crawl Stone Soup version 0.28-a0-1613-gdaab1c2f9b (webtiles) character file.

Game seed: 13688904941988133696

52379 RepHenryClay the Spry (level 14, -5/82 HPs)
             Began as a Deep Elf Venom Mage on Jan 21, 2022.
             Was an Elder of Vehumet.
             Slain by a sea snake (12 damage)
             ... on level 5 of the Lair of Beasts on Jan 22, 2022.
             The game lasted 00:47:32 (26147 turns).

RepHenryClay the Spry (Deep Elf Venom Mage)        Turns: 26147, Time: 00:47:33

Health: -5/82      AC:  8    Str:  5    XL:     14   Next: 26%
Magic:  31/31      EV: 21    Int: 30    God:    Vehumet [****..]
Gold:   731        SH:  0    Dex: 15    Spells: 22/35 levels left

rFire   . . .      SeeInvis .   a - +7 captain's cutlass {speed, disarm}
rCold   . . .      Faith    .   (no shield)
rNeg    . . .      Spirit   .   F - +2 robe of Infinity {Will+ Int+4}
rPois   +          Reflect  .   o - +2 helmet
rElec   .          Harm     .   f - +0 cloak
rCorr   +          Rampage  .   (no gloves)
Will    ++...                   (no boots)
Stlth   ++........              (no amulet)
HPRegen 0.23/turn               G - ring of poison resistance
MPRegen 0.22/turn               w - ring of resist corrosion

@: invisible
A: no striking features
a: Renounce Religion


You were on level 5 of the Lair of Beasts.
You worshipped Vehumet.
Vehumet was greatly pleased with you.
You visited 3 branches of the dungeon, and saw 19 of its levels.

You collected 1251 gold pieces.
You spent 520 gold pieces at shops.

Inventory:

Hand Weapons
 a - the +7 captain's cutlass (weapon) {speed, disarm}
   (You found it on level 6 of the Lair of Beasts)

   Attacks with this weapon are significantly faster.
   It may disarm weapon-wielding foes when striking them, dealing extra damage
   in the process.
 g - a +2 whip of venom
 A - a +2 flail of holy wrath
 D - a +3 whip of electrocution
Missiles
 B - a throwing net
Armour
 f - a +0 cloak (worn)
 k - the -9 kite shield of Indomitability {rCorr Int+3}
   (You found it on level 5 of the Dungeon)

   Int:       It affects your intelligence (+3).
   rCorr:     It protects you from acid and corrosion.
 o - a +2 helmet (worn)
 x - a +2 robe of poison resistance
 C - a +1 robe of positive energy
 E - the +0 robe "Kuamidij" {SInv}
   (You found it on level 10 of the Dungeon)

   SInv:      It lets you see invisible.
 F - the +2 robe of Infinity (worn) {Will+ Int+4}
   (You found it on level 10 of the Dungeon)

   Int:       It affects your intelligence (+4).
   Will:      It increases your willpower.
Magical Staves
 n - a staff of death
Jewellery
 j - a ring of protection from fire
 w - a ring of resist corrosion (right hand)
 z - an amulet of guardian spirit
 G - a ring of poison resistance (left hand)
 H - a ring of flight
 J - a ring of fire
 Q - a ring of see invisible
Wands
 c - a wand of polymorph (15)
 e - a wand of charming (7)
 q - a wand of mindburst (5)
 u - a wand of digging (5)
 y - a wand of acid (3)
 P - a wand of iceblast (7)
 T - a wand of flame (9)
Scrolls
 d - a scroll of summoning
 l - 3 scrolls of teleportation
 m - a scroll of brand weapon
 t - 4 scrolls of fog
 v - 2 scrolls of enchant armour
 K - 2 scrolls of enchant weapon
 L - a scroll of amnesia
 O - a scroll of magic mapping
 R - a scroll of torment
Potions
 b - a potion of attraction
 h - 3 potions of cancellation
 i - 5 potions of flight
 p - 2 potions of curing
 r - 4 potions of haste
 s - 2 potions of mutation
 I - a potion of magic
 M - a potion of lignification
 N - 3 potions of brilliance


   Skills:
 - Level 7.3 Fighting
 + Level 16.4 Dodging
 - Level 2.5 Stealth
 - Level 11.0 Spellcasting
 + Level 13.7 Conjurations
 - Level 1.2 Transmutations
 - Level 5.4 Air Magic
 - Level 10.0 Earth Magic
 - Level 8.0 Poison Magic


You had 22 spell levels left.
You knew the following spells:

 Your Spells              Type           Power      Damage    Failure   Level
a - Stone Arrow           Conj/Erth      100%       3d13      1%          3
b - Mephitic Cloud        Conj/Pois/Air  63%        N/A       1%          3
c - Olgreb's Toxic Radia  Pois           60%        N/A       1%          4
d - Poisonous Vapours     Pois/Air       100%       N/A       1%          2
e - Sting                 Tmut/Pois      100%       1d8       1%          1

Your spell library contained the following spells:

 Spells                   Type           Power      Damage    Failure   Level
 Fulminant Prism          Conj/Hex       27%        3d14      1%          4
 Dazzling Flash           Conj/Hex       100%       N/A       1%          3
 Spider Form              Tmut/Pois      44%        N/A       1%          3
 Wereblood                Tmut           24%        N/A       2%          2
 Animate Skeleton         Necr           32%        N/A       3%          1
 Apportation              Tloc           32%        N/A       3%          1
 Summon Small Mammal      Summ           64%        N/A       3%          1
 Ensorcelled Hibernation  Hex/Ice        32%        N/A       4%          2
 Sublimation of Blood     Necr           16%        N/A       4%          2
 Animate Armour           Summ/Erth      92%        N/A       4%          4
 Call Canine Familiar     Summ           16%        N/A       10%         3
 Gell's Gravitas          Tloc           16%        N/A       10%         3
 Lesser Beckoning         Tloc           16%        N/A       10%         3
 Summon Guardian Golem    Hex/Summ       16%        N/A       10%         3
 Teleport Other           Tloc           16%        N/A       10%         3
 Silence                  Hex/Air        16%        N/A       28%         5
 Anguish                  Hex/Necr       8%         N/A       30%         4
 Lehudib's Crystal Spear  Conj/Erth      36%        10d9      36%         8
 Agony                    Necr           16%        N/A       65%         5
 Summon Hydra             Summ           8%         N/A       100%        7


Dungeon Overview and Level Annotations

Branches:
Dungeon (12/15)            Temple (1/1) D:4            Lair (6/6) D:11
  Swamp (0/4) Lair:3       Spider (0/4) Lair:2
  Slime: Lair:5-6       Orc: D:9-12

Altars:
Ashenzari
Cheibriados
Dithmenos
Elyvilon
Fedhas
Gozag
Hepliaklqana
Kikubaaqudgha
Makhleb
Nemelex Xobeh
Okawaru
Qazlal
Ru
Sif Muna
Trog
Uskayaw
Vehumet
Wu Jian
Xom
Yredelemnul
Zin
The Shining One

Shops:
D:6 *

Annotations:
D:12 Fannar
Lair:3 3 runed translucent doors, Cylichiu's ghost, journeyman PaFi
Lair:4 3 runed translucent doors art ring, Ithra's ghost, journeyman OgTm


Message History

HP restored.
You climb downwards.
There is a stone staircase leading up here.
There is a stone staircase leading down, spattered with blood here.
You climb downwards.
The blink frog closely misses you. The blink frog hits you!
The sea snake closely misses you. The cane toad stings you!
The blink frog completely misses you. The blink frog hits you.
The sea snake bites you!
The blink frog blinks!
There is a stone staircase leading up, spattered with blood here.
Huge Dmg: -42%(-35hp) hp: 58%(47hp)
The blink frog misses you. The blink frog barely misses you.
The cane toad barely misses you. The sea snake barely misses you.
The blink frog completely misses you. The blink frog hits you.
You climb upwards.
There is a stone staircase leading down, spattered with blood here.
Damage: -3%(-2hp) hp: 55%(45hp) Unknown command.
You hit the blink frog.
The blink frog is lightly wounded.
The cane toad misses you. The sea snake barely misses you.
The blink frog hits you!
* * * LOW HITPOINT WARNING * * *
The blink frog blinks!
The blink frog misses you.
Huge Dmg: -17%(-14hp) hp: 38%(31hp)
The sea snake bites you!
* * * LOW HITPOINT WARNING * * *
The cane toad closely misses you.
Huge Dmg: -17%(-14hp) hp: 21%(17hp)
Okay, then.
Okay, then.
Unknown command.
Okay, then.
You fade into invisibility!
The blink frog misses you. The sea snake misses you.
The cane toad barely misses you. The blink frog hits you!
* * * LOW HITPOINT WARNING * * *
Huge Dmg: -12%(-10hp) hp: 9%(7hp)
The blink frog barely misses you. The blink frog closely misses you.
The sea snake bites you!
You die...

..............##.....#.#...........
.P#...........#........#...........
.PP...........#.......#............
........................###........
...###..................##.........
...##...§..##..>........###........
...P##....#####FF........###......#
....###.#..# ##SF.......##.......#
.......##### ##@.......###....P##
.......##########...P#.#.###P.....#
.P.......##..P##......###.....#.##.
.♣....P♣...PP........##P.....#.....
.....P.......P..........P...(......
............PP.P...)...............
...........♣............#.........♣
.....P......♣......................
...P...............P.(.............


You could see a sea snake, a cane toad and 2 blink frogs.

Vanquished Creatures
  2 hydras
  A merfolk avatar (Lair:6)
  A centaur warrior (D:10)
  5 two-headed ogres
  Erica (D:8)
  A catoblepas (Lair:6)
  9 death yaks
  Nergalle (Lair:4)
  A deep troll (D:9)
  A sea snake (Lair:6)
  A harpy (Lair:6)
  A manticore (D:10)
  An ugly thing (D:11)
  2 cyclopes (D:11)
  Maurice (D:8)
  3 centaur zombies
  9 elephants
  4 black mambas
  17 cane toads
  3 rime drakes
  12 komodo dragons
  A polar bear (Lair:6)
  Grinder (D:5)
  3 trolls
  3 slime creatures
  2 wind drakes (Lair:6)
  4 hornets
  16 blink frogs
  6 dream sheep (Lair:5)
  Sigmund (D:5)
  Prince Ribbit (D:8)
  A shadow (D:11)
  3 wyverns
  54 yaks
  A spriggan (Lair:5)
  Eustachio (D:6)
  5 vampire mosquitoes (Lair:3)
  6 basilisks
  2 steam dragons
  Grum (D:8)
  Menkaure (D:6)
  An acid dragon (D:9)
  8 water moccasins
  A hornet zombie (D:6)
  2 orc warriors (D:9)
  3 sky beasts
  2 necrophages
  2 black bears (D:9)
  An ogre (D:5)
  10 wolves
  7 centaurs
  2 phantoms
  3 kobold brigands (D:8)
  4 bullfrogs
  A gnoll sergeant (D:9)
  4 scorpions
  A wyvern skeleton (D:5)
  5 killer bees
  3 electric eels
  2 howler monkeys
  A centaur skeleton (D:5)
  2 jellies
  A gnoll shaman (D:8)
  A hound (D:4)
  Crazy Yiuf (D:4)
  3 orc priests
  Ijyb (D:5)
  2 iguanas
  4 orc wizards
  Terence (D:3)
  A hound zombie (D:5)
  A hound skeleton (D:4)
  Robin (D:2)
  6 gnolls
  A howler monkey skeleton (D:7)
  7 adders
  A shadow imp (D:5)
  2 white imps
  2 ufetubi
  A worm (D:10)
  3 dart slugs
  23 orcs
  3 ball pythons
  2 endoplasms (D:3)
  5 giant cockroaches
  8 goblins
  3 hobgoblins
  10 jackals
  A quokka (D:4)
  2 bats (D:1)
  A frilled lizard (D:3)
  9 kobolds
  3 rats
  2 butterflies (Lair:5)
367 creatures vanquished.

Vanquished Creatures (collateral kills)
  Blork the orc (D:6)
  An adder (D:6)
  An ufetubus (D:6)
  3 orcs (D:4)
6 creatures vanquished.

Vanquished Creatures (others)
  A yak (D:11)
  A water moccasin (D:6)
  A bush (Lair:6)
  33 fungi
  66 plants
102 creatures vanquished.

Grand Total: 475 creatures vanquished

Notes
Turn   | Place    | Note
-------+----------+-------------------------------------------
     0 | D:1      | RepHenryClay the Deep Elf Venom Mage began the quest for
                  | the Orb.
     0 | D:1      | Reached XP level 1. HP: 10/10 MP: 6/6
   362 | D:1      | Reached XP level 2. HP: 15/15 MP: 6/8
  1458 | D:2      | Reached XP level 3. HP: 14/19 MP: 3/9
  1544 | D:2      | Noticed Robin
  1578 | D:2      | Killed Robin
  1844 | D:2      | Learned a level 3 spell: Mephitic Cloud
  2024 | D:3      | Noticed Terence
  2032 | D:3      | Reached skill level 5 in Poison Magic
  2099 | D:3      | Killed Terence
  2100 | D:3      | Reached XP level 4. HP: 21/24 MP: 3/10
  2185 | D:3      | Found an opulent altar of Gozag.
  2912 | D:4      | Found an iron altar of Okawaru.
  2987 | D:4      | Reached XP level 5. HP: 15/28 MP: 4/11
  3233 | D:4      | Learned a level 4 spell: Olgreb's Toxic Radiance
  3299 | D:4      | Found a staircase to the Ecumenical Temple.
  3319 | Temple   | Entered the Ecumenical Temple
  3560 | D:5      | Entered Level 5 of the Dungeon
  3750 | D:4      | Reached XP level 6. HP: 32/32 MP: 6/12
  4150 | D:4      | Noticed a sky beast
  4180 | D:4      | Killed a sky beast
  4317 | D:4      | Learned a level 2 spell: Poisonous Vapours
  4436 | D:4      | Found a runed translucent door.
  4437 | D:4      | Noticed Crazy Yiuf
  4613 | D:5      | Reached skill level 3 in Dodging
  4613 | D:5      | Reached skill level 1 in Air Magic
  4614 | D:5      | Identified the -9 kite shield of Indomitability {rCorr
                  | Int+3}
  4795 | D:5      | Reached XP level 7. HP: 20/36 MP: 8/13
  4998 | D:5      | Reached skill level 4 in Dodging
  5268 | D:5      | Noticed Grinder
  5303 | D:5      | Noticed Ijyb
  5326 | D:5      | Killed Ijyb
  5327 | D:5      | Reached skill level 5 in Dodging
  5495 | D:6      | Found Myikhlag's Serpentskin Sales.
  5506 | D:6      | Noticed Blork the orc
  5519 | D:6      | Killed Blork the orc
  5520 | D:6      | Reached XP level 8. HP: 20/41 MP: 7/14
  5545 | D:5      | Killed Grinder
  5546 | D:5      | Reached skill level 6 in Dodging
  5836 | D:5      | Noticed Sigmund
  5845 | D:5      | Killed Sigmund
  5846 | D:5      | Reached skill level 7 in Dodging
  5846 | D:5      | Reached skill level 5 in Air Magic
  6140 | D:4      | Killed Crazy Yiuf
  6275 | D:5      | Reached skill level 8 in Dodging
  6665 | D:6      | Reached skill level 9 in Dodging
  6786 | D:6      | Bought a +2 robe of poison resistance for 220 gold pieces
  6820 | D:6      | Learned a level 3 spell: Stone Arrow
  6855 | D:6      | Found a shadowy altar of Dithmenos.
  6890 | D:6      | Noticed Menkaure
  6894 | D:6      | Killed Menkaure
  6895 | D:6      | Reached skill level 1 in Conjurations
  6895 | D:6      | Reached skill level 1 in Earth Magic
  6914 | D:6      | Noticed Eustachio
  6924 | D:6      | Reached XP level 9. HP: 28/45 MP: 4/15
  7098 | D:6      | Killed Eustachio
  8375 | D:7      | Paralysed by a hornet for 3 turns
  8717 | D:8      | Reached skill level 5 in Conjurations
  8717 | D:8      | Reached skill level 5 in Earth Magic
  8984 | D:8      | Noticed Maurice
  9003 | D:8      | Killed Maurice
  9163 | D:8      | Reached XP level 10. HP: 31/50 MP: 3/16
  9751 | D:8      | Noticed Prince Ribbit
  9765 | D:8      | Killed Prince Ribbit
  9767 | D:8      | Noticed Erica
  9882 | D:8      | Noticed Grum
  9894 | D:8      | Killed Grum
  9906 | D:8      | Killed Erica
  9907 | D:8      | Reached skill level 5 in Spellcasting
 10237 | D:8      | Found a shimmering blue altar of Sif Muna.
 10237 | D:8      | Found an ancient bone altar of Kikubaaqudgha.
 10240 | D:8      | Found a radiant altar of Vehumet.
 10246 | D:8      | Became a worshipper of Vehumet
 10442 | D:9      | Found a glowing golden altar of the Shining One.
 10461 | D:9      | Reached skill level 10 in Dodging
 10593 | D:9      | Found a bloodstained altar of Trog.
 10804 | D:9      | Found a white marble altar of Elyvilon.
 11014 | D:9      | Reached XP level 11. HP: 54/54 MP: 17/22
 11095 | D:9      | Noticed a two-headed ogre
 11120 | D:9      | Killed a two-headed ogre
 11219 | D:9      | Noticed a deep troll
 11227 | D:9      | Killed a deep troll
 11444 | D:9      | Reached * piety under Vehumet
 11444 | D:9      | Offered knowledge of Foxfire by Vehumet.
 11970 | D:10     | Entered Level 10 of the Dungeon
 12198 | D:10     | Identified the +0 robe "Kuamidij" {SInv}
 12360 | D:10     | Identified the +2 robe of Infinity {Will+ Int+4}
 12623 | D:6      | Bought a ring of poison resistance for 300 gold pieces
 12704 | D:10     | Noticed a two-headed ogre
 12704 | D:10     | Noticed a centaur warrior
 13100 | D:10     | Found a sacrificial altar of Ru.
 13117 | D:10     | Killed a centaur warrior
 13118 | D:10     | Reached skill level 11 in Dodging
 13514 | D:10     | Found a shimmering altar of Xom.
 13558 | D:10     | Found a snail-covered altar of Cheibriados.
 13761 | D:11     | Noticed a brown ugly thing
 13769 | D:11     | Killed a brown ugly thing
 13891 | D:11     | Noticed a two-headed ogre
 13917 | D:11     | Killed a two-headed ogre
 14031 | D:10     | Killed a two-headed ogre
 14228 | D:11     | Found a staircase to the Lair.
 14503 | D:11     | Reached skill level 10 in Conjurations
 14503 | D:11     | Reached skill level 10 in Earth Magic
 14753 | D:11     | Reached skill level 1 in Fighting
 14810 | D:11     | Noticed a two-headed ogre
 14824 | D:11     | Killed a two-headed ogre
 14936 | D:11     | Reached XP level 12. HP: 61/64 MP: 11/26
 15050 | D:12     | Noticed a two-headed ogre
 15065 | D:12     | Killed a two-headed ogre
 15157 | D:12     | Noticed Fannar
 15318 | Lair:1   | Entered Level 1 of the Lair of Beasts
 15549 | Lair:1   | Reached skill level 5 in Fighting
 15662 | Lair:1   | Offered knowledge of Magic Dart by Vehumet.
 15666 | Lair:1   | Reached ** piety under Vehumet
 16155 | Lair:1   | Noticed an eight-headed hydra
 16160 | Lair:1   | Killed an eight-headed hydra
 17472 | Lair:2   | Reached skill level 12 in Dodging
 17812 | Lair:2   | Found a hole to the Spider Nest.
 18263 | Lair:3   | Found a runed translucent gate.
 18263 | Lair:3   | Found a runed translucent gate.
 18263 | Lair:3   | Found a runed translucent gate.
 18344 | Lair:3   | Found a staircase to the Swamp.
 18994 | Lair:3   | Offered knowledge of Scorch by Vehumet.
 19232 | Lair:3   | Reached skill level 13 in Dodging
 19549 | Lair:3   | Noticed Cylichiu's ghost (journeyman PaFi)
 19643 | Lair:4   | Reached skill level 10 in Spellcasting
 19643 | Lair:4   | Reached XP level 13. HP: 76/76 MP: 21/29
 19764 | Lair:4   | Found a runed translucent gate.
 19764 | Lair:4   | Found a runed translucent gate.
 19764 | Lair:4   | Found a runed translucent gate.
 19803 | Lair:4   | Reached *** piety under Vehumet
 20118 | Lair:4   | Noticed Nergalle
 20133 | Lair:4   | Killed Nergalle
 20306 | Lair:4   | Noticed Ithra's ghost (journeyman OgTm)
 20565 | Lair:4   | Offered knowledge of Hailstorm by Vehumet.
 21231 | Lair:5   | Reached skill level 14 in Dodging
 22110 | Lair:5   | Found an iron altar of Okawaru.
 22468 | Lair:6   | Entered Level 6 of the Lair of Beasts
 22474 | Lair:6   | Reached **** piety under Vehumet
 22527 | Lair:6   | Offered knowledge of Fulminant Prism by Vehumet.
 22834 | Lair:6   | Reached skill level 15 in Dodging
 23460 | Lair:6   | HP: 1/76 [death yak (26)]
 23812 | Lair:5   | HP: 1/76 [death yak (23)]
 24220 | Lair:5   | Reached XP level 14. HP: 82/82 MP: 17/31
 24942 | Lair:6   | Reached skill level 16 in Dodging
 25670 | Lair:6   | Found the +7 captain's cutlass {speed, disarm}
 26147 | Lair:5   | Slain by a sea snake

Illustrated notes

Levels and vault maps discovered:
D:1:      amcnicky_arrival_choice, layout_loops_cross
D:2:      layout_basic, uniq_robin
D:3:      layout_rooms, grunt_gozag_statues, chequers_serial_rivers_micro_d,
          dk_noncrumbling_3, uniq_terence
D:4:      layout_gridville, amcnicky_altar_gilded, minmay_temple_entry_tees,
          hangedman_abyss_or_decor_jellyfish_corner, uniq_crazy_yiuf_cottage
D:5:      layout_loops_cross, kennysheep_generic_room_6, uniq_grinder,
          uniq_ijyb, uniq_sigmund
D:6:      layout_rooms, nicolae_dithmenos_the_darkroom, guppyfry_shop_venom,
          uniq_eustachio, uniq_blork_the_orc, uniq_menkaure
D:7:      layout_gridville, hex_large, minmay_misc_feat_secret_circle
D:8:      layout_loops_ring, grunt_temple_overflow_magic_moments,
          grunt_decor_mini_mirrors, uniq_erica, uniq_maurice, uniq_grum,
          uniq_prince_ribbit1
D:9:      nzn_winding_woodlands_small [nzn_winding_woodlands_5x15_pockets,
          nzn_winding_woodlands_center_diamonds,
          nzn_winding_woodlands_5x15_crooked], layout_cross, tso_metal_star,
          nicolae_overflow_crystal_walls, trog_ov_bears_minmay,
          serial_park_tiny_2
D:10:     layout_roguey, general_overflow_altar,
          nicolae_ru_sacrificial_ziggurat, cheibrodos_worm_habitat
D:11:     layout_roguey, lair_entry_dummy
D:12:     layout_roguey, minmay_orc_entry_temple_small,
          yredelemnul_altar_generic, uniq_fannar
Temple:   compressed_dpeg_circular_temple
Lair:1:   layout_roguey
Lair:2:   layout_cave_pods, dummy_spider_entry, grunt_megastairs_1,
          serial_bayou_shore_a
Lair:3:   layout_chaotic_city, minmay_swamp_entry_swarm,
          ebering_ghost_rock_garden, grunt_forest_small_clearing_treed,
          infiniplex_staircase_pool, grunt_megastairs_3
Lair:4:   layout_small_grid, gammafunk_ghost_icy, grunt_megastairs_4,
          uniq_nergalle
Lair:5:   layout_cave_pods, basic_altar, st_stairs_8,
          nicolae_quartered_pool_medium, grunt_forest_large_clearing_hut,
          infiniplex_staircase_pool_2, lemuel_fruit_fields
Lair:6:   gammafunk_lair_ancient_temple, layout_regular_city,
          minmay_slime_entry_pillars, minivault_23

Skill      XL: |  1  2  3  4  5  6  7  8  9 10 11 12 13 14 |
---------------+-------------------------------------------+-----
Poison Magic   | 4 5 6 7 8 |  8.0
Dodging        | 3 5 9 10 11 13 15 16 | 16.4
Air Magic      | 1 4 5 |  5.4
Conjurations   | 1 6 8 10 13 | 13.7
Earth Magic    | 1 6 8 10 | 10.0
Spellcasting   | 6 8 10 11 | 11.0
Fighting       | 2 7 |  7.3
Stealth        | |  2.5
Transmutations | |  1.2

Action                   |  1- 3 |  4- 6 |  7- 9 | 10-12 | 13-15 || total
-------------------------+-------+-------+-------+-------+-------++-------
Melee: Unarmed           |     1 |       |       |       |       ||     1
       Staff             |       |    14 |       |       |       ||    14
       Flail             |       |     3 |    47 |       |       ||    50
       Punch             |       |     2 |     2 |       |       ||     4
       Whip              |       |       |       |    24 |     1 ||    25
       Cutlass           |       |       |       |       |     5 ||     5
 Cast: Sting             |    59 |    78 |    52 |    27 |       ||   216
       Poisonous Vapours |       |     2 |    13 |    54 |    52 ||   121
       Olgreb's Toxic Ra |       |     1 |    17 |    42 |    39 ||    99
       Mephitic Cloud    |       |       |     7 |     6 |     5 ||    18
       Stone Arrow       |       |       |    16 |   171 |   192 ||   379
Evoke: Wand              |       |       |    15 |    13 |     1 ||    29
  Use: Scroll            |       |     8 |     3 |    14 |     7 ||    32
       Potion            |       |       |     2 |     3 |     3 ||     8
 Stab: Confused          |       |       |     1 |     1 |       ||     2
Armor: Robe              |     6 |    27 |    23 |    44 |    23 ||   123
Dodge: Dodged            |    25 |    38 |   102 |   178 |   157 ||   500

Table legend: (Time is in decaauts)
 A = Elapsed time spent in this place.
 B = Non-inter-level travel time spent in this place.
 C = Inter-level travel time spent in this place.
 D = Time resting spent in this place.
 E = Time spent auto-exploring this place.
 F = Levels seen in this place.
 G = Mean time per level.
                   A        B        C        D        E       F      G
               +--------+--------+--------+--------+--------+-----+--------+
         Total |  26275 |  24912 |   1363 |   6495 |  14758 |  19 | 1382.9 |
       Dungeon |  15291 |  14341 |    950 |   3700 |   8503 |  12 | 1274.2 |
        Temple |     87 |     80 |      7 |      0 |     72 |   1 |   87.0 |
          Lair |  10896 |  10490 |    406 |   2795 |   6182 |   6 | 1816.0 |
               +--------+--------+--------+--------+--------+-----+--------+

Top non-repeatable levels by time:
  Lair:5: 3605 daAuts
     D:5: 1963 daAuts
     D:8: 1902 daAuts
  Lair:4: 1855 daAuts
     D:7: 1711 daAuts
  Lair:1: 1680 daAuts
     D:4: 1557 daAuts
     D:9: 1527 daAuts
  Lair:3: 1484 daAuts
    D:10: 1416 daAuts
    D:11: 1221 daAuts
  Lair:2: 1157 daAuts
     D:1: 1125 daAuts
  Lair:6: 1113 daAuts
     D:3: 1038 daAuts
